 Dungeon Crawl Stone Soup version 0.18-a0-900-gbbf5c82 (webtiles) character file.

6374 filipzpl the Fighter (level 10, 0/72 HPs)
             Began as a Gargoyle Berserker on Dec 24, 2015.
             Was an Elder of Trog.
             Slain by a killer bee (2 damage)
             ... on level 9 of the Dungeon.
             The game lasted 00:27:43 (7882 turns).

filipzpl the Fighter (Gargoyle Berserker)           Turns: 7882, Time: 00:27:43

Health: 0/72       AC: 20    Str: 25    XL:     10   Next: 97%
Magic:  10/10      EV:  7    Int:  7    God:    Trog [****..]
Gold:   641        SH:  0    Dex:  9    Spells: 0 memorised, 9 levels left

rFire  x . .     SeeInvis .     m - +0 flail
rCold  + . .     Gourm    .     g - +1 plate armour
rNeg   + . .     Faith    .     (no shield)
rPois  ∞         Spirit   .     (no helmet)
rElec  +         Dismiss  .     u - +0 cloak {+Inv}
rCorr  .         Reflect  .     (no gloves)
SustAt .         Harm     .     (no boots)
MR     .....                    (no amulet)
Stlth  ..........               x - ring of flight
                                l - ring of ice

@: exhausted, slowed, very slow, not resistant to hostile enchantments,
extremely unstealthy
A: negative energy resistance 1, electricity resistance, unbreathing,
petrification resistance, rot immunity, AC +7
a: Berserk, Trog's Hand, Brothers in Arms, Burn Spellbooks, Renounce Religion,
Evoke Invisibility, Evoke Flight


You were on level 9 of the Dungeon.
You worshipped Trog.
Trog was greatly pleased with you.
You were hungry.

You visited 1 branch of the dungeon, and saw 9 of its levels.

You collected 641 gold pieces.

Inventory:

Hand Weapons
 i - a +0 giant club
 m - a +0 flail (weapon)
 t - a +2 quarterstaff of chaos
 D - a +1 flail
 F - a cursed +0 dire flail
Armour
 g - a +1 plate armour (worn)
 u - a +0 cloak of invisibility (worn)
Jewellery
 k - an uncursed ring of fire {unknown}
 l - a ring of ice (left hand)
 r - an uncursed ring of magical power
 x - a ring of flight (right hand)
 y - an uncursed amulet of resist corrosion {unknown}
 B - an uncursed ring of protection from cold {unknown}
 E - an uncursed amulet of rage {unknown}
Wands
 a - a wand of slowing (48/48)
 h - a wand of digging (13/24)
 A - a wand of disintegration (11/24)
Scrolls
 j - 5 scrolls of remove curse
 o - 2 scrolls of magic mapping
 v - a scroll of fog
Potions
 e - 2 potions of lignification {unknown}
 f - a potion of agility
 n - 4 potions of degeneration {unknown}
 q - 2 potions of ambrosia {unknown}
 s - a potion of brilliance {unknown}
 w - a potion of curing {unknown}
 z - a potion of flight {unknown}
 C - a potion of beneficial mutation {unknown}
Comestibles
 b - 2 meat rations
 c - 4 bread rations
 p - a fruit
 G - 7 slices of pizza


   Skills:
 * Level 12.5 Fighting
 * Level 11.6 Maces & Flails
 - Level 2.5 Armour
 - Level 2.2 Dodging


You had 9 spell levels left.
You didn't know any spells.

Dungeon Overview and Level Annotations

Branches:
Dungeon (9/15)             Temple (0/1) D:7
   Lair: D:8-11         Orc: D:9-12

Altars:
Ashenzari
Cheibriados
Makhleb
Nemelex Xobeh
Okawaru
Pakellas
Ru
Sif Muna
Xom
Yredelemnul
Zin

Annotations:
D:9 Gastronok


Innate Abilities, Weirdness & Mutations

You are resistant to torment.
Your stone body is resilient (AC +7).
You are immune to poison.
You resist negative energy.
You are resistant to electric shocks.
You can survive without breathing.
You are immune to petrification.
You are immune to rotting.


Message History

You miss the killer bee.
The killer bee is moderately wounded.
The killer bee closely misses you.
The killer bee stings you but does no damage. x6
The killer bee stings you.
* * * LOW HITPOINT WARNING * * *
The killer bee stings you but does no damage. x2
The killer bee closely misses you.
The killer bee stings you but does no damage.
The killer bee barely misses you. The killer bee stings you.
* * * LOW HITPOINT WARNING * * *
The killer bee barely misses you.
You hit the killer bee but do no damage.
The killer bee is moderately wounded.
The killer bee stings you but does no damage. x5
The killer bee barely misses you.
The killer bee stings you but does no damage.
The killer bee barely misses you. x2
The killer bee stings you.
You die...

#.## #... ## .
##... ..#..
##...###.....
#rr..........
#yy#.).).#
######y##?._..#
#(...yyy#y).).#.
#@yyh........
##y{.###...##
##y..# ..##
##......#
#####..# .. #


You could see a hound, 11 killer bees, a river rat and a quokka.

Vanquished Creatures
  Erica (D:8)
  Pikel (D:7)
  A troll (D:9)
  Prince Ribbit (D:6)
  Sigmund (D:5)
  7 yaks (D:9)
  A spriggan (D:9)
  Grum (D:8)
  4 wolves (D:8)
  3 soldier ants (D:8)
  An ice beast (D:7)
  2 ogres
  An orc warrior (D:7)
  2 phantoms
  A necrophage (D:8)
  2 giant frogs
  A gnoll sergeant (D:5)
  A wyvern skeleton (D:6)
  3 scorpions
  12 wights
  4 killer bees
  3 crimson imps
  A giant frog zombie (D:7)
  Crazy Yiuf (D:3)
  A centaur skeleton (D:5)
  3 hounds
  2 iguanas
  A jelly (D:5)
  9 worker ants
  An orc priest (D:7)
  A giant frog skeleton (D:5)
  An orc wizard (D:7)
  A hound zombie (D:6)
  A worker ant zombie (D:7)
  3 adders
  4 gnolls (D:5)
  A shadow imp (D:9)
  An ooze (D:7)
  2 adder skeletons
  2 worms
  3 giant geckos
  12 orcs
  15 giant cockroaches
  9 hobgoblins
  6 jackals
  12 kobolds
  2 quokkas
  3 ball pythons
  5 bats
  A giant gecko skeleton (D:8)
  6 giant newts
  8 goblins
  11 rats
  A butterfly (D:8)
184 creatures vanquished.

Vanquished Creatures (others)
  2 hounds (D:7)
  A centaur skeleton (D:7)
3 creatures vanquished.

Grand Total: 187 creatures vanquished

Notes
Turn   | Place    | Note
--------------------------------------------------------------
     0 | D:1      | filipzpl the Gargoyle Berserker began the quest for the Orb.
     0 | D:1      | Reached XP level 1. HP: 14/14 MP: 1/1
   206 | D:1      | Reached XP level 2. HP: 17/19 MP: 2/2
   388 | D:1      | Reached ** piety under Trog
   436 | D:1      | Reached XP level 3. HP: 24/24 MP: 3/3
  1177 | D:3      | Reached skill level 4 in Fighting
  1188 | D:3      | Reached XP level 4. HP: 18/29 MP: 4/4
  1637 | D:3      | Reached *** piety under Trog
  1952 | D:3      | Found a burning altar of Makhleb.
  1955 | D:3      | Reached XP level 5. HP: 31/34 MP: 5/5
  1992 | D:3      | You fall through a shaft for 2 floors!
  1992 | D:5      | Entered Level 5 of the Dungeon
  2024 | D:3      | Reached skill level 5 in Fighting
  2273 | D:3      | Noticed Crazy Yiuf
  2276 | D:3      | Paralysed by Crazy Yiuf for 5 turns
  2288 | D:3      | Killed Crazy Yiuf
  2474 | D:3      | Found a snail-covered altar of Cheibriados.
  2707 | D:4      | Found a basalt altar of Yredelemnul.
  2735 | D:4      | Reached XP level 6. HP: 34/40 MP: 6/6
  2865 | D:4      | Found a deep blue altar of Sif Muna.
  2870 | D:4      | Reached skill level 5 in Maces & Flails
  2871 | D:4      | Found an oddly glowing altar of Pakellas.
  3300 | D:5      | Reached skill level 6 in Fighting
  3538 | D:5      | Noticed Sigmund
  3677 | D:5      | Killed Sigmund
  3677 | D:5      | Reached XP level 7. HP: 45/47 MP: 7/7
  4052 | D:5      | Reached skill level 7 in Fighting
  4206 | D:5      | Reached XP level 8. HP: 47/53 MP: 8/8
  4610 | D:6      | Reached **** piety under Trog
  4619 | D:6      | Noticed Prince Ribbit
  4684 | D:6      | Killed Prince Ribbit
  4684 | D:6      | Reached skill level 8 in Fighting
  4788 | D:6      | Found a sparkling altar of Nemelex Xobeh.
  4959 | D:6      | Found a sacrificial altar of Ru.
  5040 | D:6      | Found a shattered altar of Ashenzari.
  5041 | D:6      | Found a glowing silver altar of Zin.
  5448 | D:7      | Reached skill level 9 in Fighting
  5495 | D:7      | Reached XP level 9. HP: 58/60 MP: 9/9
  5498 | D:7      | Found a snail-covered altar of Cheibriados.
  5536 | D:7      | Found a staircase to the Ecumenical Temple.
  5556 | D:7      | Noticed Pikel
  5577 | D:7      | Killed Pikel
  5657 | D:7      | Received a gift from Trog
  5862 | D:7      | Reached skill level 10 in Fighting
  5868 | D:8      | Noticed Grum
  6003 | D:8      | Killed Grum
  6326 | D:8      | Reached skill level 10 in Maces & Flails
  6340 | D:8      | Reached XP level 10. HP: 60/68 MP: 10/10
  6412 | D:8      | Reached skill level 11 in Fighting
  6622 | D:8      | Noticed Erica
  6644 | D:8      | Killed Erica
  6855 | D:8      | Found a runed door.
  6917 | D:8      | Found a runed door.
  7427 | D:9      | Reached skill level 12 in Fighting
  7839 | D:9      | Found a shimmering altar of Xom.
  7841 | D:9      | Found a shimmering altar of Xom.
  7841 | D:9      | Found a shimmering altar of Xom.
  7841 | D:9      | Found a shimmering altar of Xom.
  7842 | D:9      | Found a shimmering altar of Xom.
  7849 | D:9      | Noticed Gastronok
  7867 | D:9      | Found an iron altar of Okawaru.
  7881 | D:9      | HP: 1/72 [killer bee (5)]
  7882 | D:9      | Slain by a killer bee

Vault maps used:
D:1:      minmay_arrival_split_and_join
D:3:      cheibriados_altar_wand_db, minmay_item_behind_shaft,
          makhleb_blood_cavern_becter, uniq_crazy_yiuf_cottage
D:4:      overflow_temple_1_default, gammafunk_temple_overflow_statue
D:5:      first_bread, uniq_sigmund
D:6:      nicolae_ru_path_of_blood, gammafunk_temple_overflow_pools,
          minivault_26, nemelex_spade_bored_becter, uniq_prince_ribbit1
D:7:      minmay_temple_entry_glassed_door, basic_altar, uniq_pikel
D:8:      lemuel_insect_pit, uniq_grum, uniq_erica
D:9:      okawaru_ov_weapons_minmay, special_room, grunt_pizzeria,
          xom_redecorated, uniq_gastronok

Action                   |  1- 3 |  4- 6 |  7- 9 | 10-12 || total
-------------------------+-------+-------+-------+-------++-------
Melee: Mace              |   156 |       |       |       ||   156
       Flail             |       |   151 |   302 |   226 ||   679
Invok: Berserk           |       |     3 |     3 |     4 ||    10
  Use: Scroll            |       |    12 |     6 |     2 ||    20
       Potion            |       |     1 |       |     3 ||     4
  Eat: Bread ration      |       |     1 |     1 |     1 ||     3
       Fruit             |       |     2 |       |       ||     2
       Meat ration       |       |     1 |     2 |       ||     3
       Beef jerky        |       |     1 |       |       ||     1
       Pizza             |       |       |       |     1 ||     1
